AoeStats
← Tunga

Arabia

505745031Analyzed
1v1 RM · 22d ago on Sep 10, 2026· 45m 56s· 2 players
Game mode
Random Map
Map size
Tiny (2 player)
Population
200
Speed
Normal
Resources
Standard
Victory
Conquest
Starting age
Dark Age
Ending age
Imperial Age
RankedLock teamsTeams togetherTeam positionsShared explorationLock speedFull tech treeHidden civsTurbo modeCheats
Victory
Defeat
🇬🇧 Hindustanis · United Kingdom
792
+15
🇹🇷 Magyars · Türkiye
779
-15
Tunga
6:03 Loom
11:14 Feudal Age
11:28 Man-at-Arms
15:37 Bloodlines
19:15 Double-Bit Axe
22:05 Horse Collar
24:47 Wheelbarrow
27:37 Castle Age
27:37 Scale Barding Armor
30:52 Gold Mining
33:26 Husbandry
34:11 Gold Shaft Mining
33:26 Stone Mining
34:35 Hand Cart
34:06 Town Watch
36:44 Corvinian Army
37:31 Padded Archer Armor
42:27 Imperial Age
41:31 Crossbowman
42:17 Thumb Ring
42:58 Fletching
43:26 Bow Saw
OneWishFish
11:18 Feudal Age
9:34 Loom
12:34 Wheelbarrow
11:45 Town Watch
11:52 Double-Bit Axe
11:54 Horse Collar
18:11 Gold Mining
21:42 Castle Age
19:59 Stone Mining
20:53 Forging
22:56 Bow Saw
26:41 Hand Cart
26:36 Husbandry
32:04 Scale Barding Armor
32:35 Iron Casting
33:13 Gold Shaft Mining
33:19 Stone Shaft Mining
33:12 Heavy Plow
33:21 Grand Trunk Road
34:49 Chain Barding Armor
39:35 Imperial Age
37:07 Town Patrol
37:22 Bloodlines
41:21 Blast Furnace
40:56 Plate Barding Armor
40:44 Conscription
41:01 Hoardings
40:31 Heavy Camel Rider
43:08 Imperial Camel Rider
44:06 Padded Archer Armor
44:05 Herbal Medicine
Connection lost

Rejoining the realm…

Still unreachable

The connection could not be restored.

Session expired

The server has moved on; the page needs a fresh start.